 Dungeon Crawl Stone Soup version 0.25.1-2-g60ff931df9 (webtiles) character file.

Game seed: 5093938170742723974

3521 hawla the Cleaver (level 9, -17/82 HPs)
             Began as a Minotaur Berserker on Oct 16, 2020.
             Was an Elder of Trog.
             Demolished by an ettin (glowing shapeshifter) (33 damage)
             ... on level 7 of the Dungeon.
             The game lasted 00:15:59 (5413 turns).

hawla the Cleaver (Minotaur Berserker)              Turns: 5413, Time: 00:15:59

Health: -17/82     AC: 10    Str: 30    XL:     9   Next: 81%
Magic:  8/8        EV: 16    Int:  4    God:    Trog [****..]
Gold:   277        SH:  0    Dex: 17    Spells: 8/8 levels left

rFire    . . .     SeeInvis .   u - +4 quarterstaff (chaos)
rCold    . . .     Gourm    .   (shield currently unavailable)
rNeg     . . .     Faith    .   f - +1 troll leather armour {Purgy}
rPois    .         Spirit   .   d - +2 hat
rElec    .         Reflect  .   v - +0 cloak
rCorr    .         Harm     .   (no gloves)
MR       .....                  y - +0 pair of boots
Stlth    +.........             l - amulet of magic regeneration
HPRegen  0.63/turn              h - +6 ring of strength
MPRegen  0.36/turn              g - +6 ring of dexterity

@: about to teleport
A: retaliatory headbutt, horns 2
a: Berserk, Trog's Hand, Brothers in Arms, Renounce Religion


You were on level 7 of the Dungeon.
You worshipped Trog.
Trog was greatly pleased with you.
You were not hungry.

You visited 1 branch of the dungeon, and saw 7 of its levels.

You collected 342 gold pieces.
You spent 65 gold pieces at shops.

Inventory:

Hand Weapons
 a - a +0 battleaxe
 j - a +2 flail of draining
 u - a +4 quarterstaff of chaos (weapon)
Missiles
 b - 25 poisoned darts (quivered)
 p - 16 boomerangs
Armour
 d - a +2 hat (worn)
 f - a +1 troll leather armour (worn) {Purgy}
 v - a +0 cloak (worn)
 y - a +0 pair of boots (worn)
Jewellery
 g - a +6 ring of dexterity (right hand)
 h - a +6 ring of strength (left hand)
 i - an uncursed ring of ice
 l - an amulet of magic regeneration (around neck)
Wands
 r - a wand of flame (26)
 A - a wand of random effects (17)
Scrolls
 e - 3 scrolls of identify
 k - a scroll of remove curse
 o - 2 scrolls of teleportation
 q - a scroll of fog
 x - 2 scrolls of blinking {unknown}
Potions
 m - a potion of flight
 w - a potion of stabbing {unknown}
 z - a potion of haste {unknown}
Comestibles
 c - 12 rations


   Skills:
 + Level 8.3 Fighting
 + Level 10.3(11.1) Axes
 + Level 6.4(9.4) Maces & Flails
 + Level 1.5(4.3) Staves
 + Level 2.4 Throwing
 + Level 6.1 Armour
 + Level 6.3 Dodging


You had 8 spell levels left.
You didn't know any spells.
Your spell library was empty.

Dungeon Overview and Level Annotations

Branches:
Dungeon (7/15)             Temple (0/1) D:5

Altars:
Ashenzari
Nemelex Xobeh
Ru
Xom
Yredelemnul

Shops:
D:4 %=[?

Annotations:
D:6 1 runed translucent door, Sobieck's ghost, novice FoFi


Innate Abilities, Weirdness & Mutations

You reflexively headbutt those who attack you in melee.
You have a pair of horns on your head.


Message History

The entropy weaver completely misses you.
The entropy weaver hits you.
You are very lightly contaminated with residual magic.
It was a potion of flight.
You feel very buoyant.
You fly up into the air.
The entropy weaver changes into an ettin!
It was a potion of cancellation.
Your magical effects are unravelling.
You feel magically purged.
Your magical contamination has completely faded away.
You float gracefully downwards.
You flicker back into view.
It was a potion of curing.
You feel better. The ettin hits you!!
* * * LOW HITPOINT WARNING * * *
The ettin hits you.
* * * LOW HITPOINT WARNING * * *
As you read the scroll of teleportation, it crumbles to dust.
You feel strangely unstable. The ettin hits you!!
You die...

#.....#### ##.#
#.###....#####...#
#.##....>......#
#####.##.........###
#.....##.........###
#...<.##...........##
#.....##.........#..##
#....$...........##..#
#....@#####..#.#####..
#../..C# #..##[# ##.
#......%...###.. #.
#.....###.. ###. #.
#####.# #..# #. #.# #
## #.# # #.# ..## #...


You could see an ettin shaped shifter.

Vanquished Creatures
  Harold (D:7)
  Grinder (D:3)
  Sigmund (D:4)
  Eustachio (D:4)
  Edmund (D:4)
  2 sky beasts (D:5)
  An ice beast (D:5)
  An orc warrior (D:6)
  6 ogres
  A centaur (D:7)
  2 bullfrogs
  3 scorpions
  2 howler monkeys
  A jelly (D:6)
  5 crimson imps
  A centaur skeleton (D:6)
  2 hounds
  A human zombie (D:6)
  Crazy Yiuf (D:3)
  An orc priest (D:5)
  2 orc wizards
  Ijyb (D:4)
  2 iguanas
  5 worker ants
  A hound skeleton (D:4)
  2 howler monkey skeletons (D:6)
  3 gnolls (D:5)
  4 adders
  An ooze (D:3)
  An adder skeleton (D:4)
  2 dart slugs
  2 leopard geckos
  15 orcs
  3 giant cockroaches
  9 hobgoblins
  13 jackals
  8 kobolds
  5 quokkas
  A ball python (D:2)
  10 bats
  2 frilled lizards
  4 goblins
  A leopard gecko skeleton (D:4)
  7 rats
139 creatures vanquished.

Vanquished Creatures (others)
  Purgy (D:3)
1 creature vanquished.

Grand Total: 140 creatures vanquished

Notes
Turn   | Place    | Note
-------+----------+-------------------------------------------
     0 | D:1      | hawla the Minotaur Berserker began the quest for the Orb.
     0 | D:1      | Reached XP level 1. HP: 19/19 MP: 0/0
   158 | D:1      | Reached XP level 2. HP: 27/27 MP: 1/1
   196 | D:1      | Reached skill level 4 in Axes
   614 | D:2      | Reached ** piety under Trog
   710 | D:2      | Reached XP level 3. HP: 33/33 MP: 2/2
  1125 | D:2      | Found a sparkling altar of Nemelex Xobeh.
  1834 | D:3      | Found a sacrificial altar of Ru.
  1834 | D:3      | Found a shattered altar of Ashenzari.
  1837 | D:3      | Noticed Purgy
  1857 | D:3      | Killed Purgy
  1857 | D:3      | Reached skill level 5 in Axes
  1857 | D:3      | Reached XP level 4. HP: 9/41 MP: 3/3
  1857 | D:3      | Reached XP level 5. HP: 10/47 MP: 4/4
  2133 | D:3      | Noticed Grinder
  2149 | D:3      | Paralysed by Grinder for 2 turns
  2152 | D:3      | Killed Grinder
  2152 | D:3      | Reached skill level 5 in Fighting
  2152 | D:3      | Reached skill level 6 in Axes
  2152 | D:3      | Reached XP level 6. HP: 50/56 MP: 5/5
  2579 | D:3      | Found a runed translucent door.
  2580 | D:3      | Noticed Crazy Yiuf
  2618 | D:4      | Found Miamuseuno's Food Shop.
  2652 | D:4      | Noticed Ijyb
  2693 | D:4      | Killed Ijyb
  2756 | D:4      | Noticed Sigmund
  2757 | D:4      | Noticed Eustachio
  2771 | D:4      | Killed Sigmund
  2771 | D:4      | Reached XP level 7. HP: 61/61 MP: 6/6
  2776 | D:4      | Killed Eustachio
  2776 | D:4      | Reached skill level 7 in Axes
  2776 | D:4      | Reached skill level 5 in Armour
  2856 | D:4      | Noticed Edmund
  2867 | D:4      | Killed Edmund
  2867 | D:4      | Reached skill level 1 in Throwing
  2920 | D:4      | Found Ycla Mah's Armour Boutique.
  2992 | D:4      | Reached XP level 8. HP: 71/71 MP: 7/7
  3016 | D:4      | Found Gebiocke's Jewellery Boutique.
  3223 | D:4      | Found Boos's Magic Scroll Shop.
  3240 | D:4      | Bought a scroll of teleportation for 39 gold pieces
  3240 | D:4      | Bought a scroll of fog for 26 gold pieces
  3335 | D:5      | Entered Level 5 of the Dungeon
  3364 | D:5      | Reached *** piety under Trog
  3379 | D:5      | Reached skill level 8 in Axes
  3490 | D:5      | Found a shimmering altar of Xom.
  3505 | D:5      | Reached skill level 1 in Maces & Flails
  3678 | D:5      | Found a staircase to the Ecumenical Temple.
  3758 | D:5      | Reached skill level 5 in Dodging
  4291 | D:6      | Reached skill level 5 in Maces & Flails
  4291 | D:6      | Reached XP level 9. HP: 51/79 MP: 8/8
  4399 | D:6      | Found a runed translucent door.
  4400 | D:6      | Noticed Sobieck's ghost (novice FoFi)
  4523 | D:6      | Reached skill level 9 in Axes
  4644 | D:6      | Reached **** piety under Trog
  4703 | D:6      | Found a runed translucent door.
  4707 | D:6      | Found a basalt altar of Yredelemnul.
  5096 | D:3      | Killed Crazy Yiuf
  5225 | D:7      | Noticed Harold
  5233 | D:7      | Killed Harold
  5233 | D:7      | Reached skill level 10 in Axes
  5233 | D:7      | Reached skill level 1 in Staves
  5403 | D:7      | Noticed a glowing shapeshifter
  5403 | D:7      | a worker ant changed into a glowing shapeshifter
  5403 | D:7      | a glowing shapeshifter changed into a redback
  5404 | D:7      | Noticed a glowing shapeshifter
  5404 | D:7      | a redback changed into a glowing shapeshifter
  5405 | D:7      | Noticed a satyr
  5405 | D:7      | a glowing shapeshifter changed into a satyr
  5406 | D:7      | Noticed an entropy weaver
  5406 | D:7      | a satyr changed into an entropy weaver
  5410 | D:7      | Noticed an ettin
  5410 | D:7      | an entropy weaver changed into an ettin
  5413 | D:7      | Demolished by an ettin (glowing shapeshifter)

Illustrated notes

Levels and vault maps discovered:
D:1:      dpeg_arrival_rooms_with_view, layout_rooms
D:2:      layout_basic, lemuel_doored_altar, nicolae_overflow_hidden_temple
D:3:      layout_rooms, chequers_temple_overflow_statue_of_worship,
          first_ration, uniq_grinder, uniq_purgy, uniq_crazy_yiuf_cottage
D:4:      layout_loops_ring, serial_shops, kennysheep_mini_moat,
          nicolae_shop_statue_plus, shop, shop, minmay_misc_feat_roman,
          uniq_sigmund, uniq_ijyb, uniq_eustachio, uniq_edmund
D:5:      layout_cave_pods, overflow_temple_1_default,
          minmay_temple_entry_glassed_door
D:6:      layout_basic, hellmonk_ghost_happy_afterlife, st_stairs_9,
          dk_yredelemnul_ordeal
D:7:      layout_rooms, overflow_temple_1_default, overflow_temple_1_default,
          lemuel_coloured_pillars_altar, uniq_harold

Skill      XL: |  1  2  3  4  5  6  7  8  9 |
---------------+----------------------------+-----
Axes           | 4 5 6 7 8 10 | 10.3
Fighting       | 4 5 6 7 8 |  8.3
Armour         | 3 4 5 6 |  6.1
Dodging        | 3 4 5 6 |  6.3
Throwing       | 1 2 |  2.4
Maces & Flails | 5 6 |  6.4
Staves         | 1 |  1.5

Action                   |  1- 3 |  4- 6 |  7- 9 || total
-------------------------+-------+-------+-------++-------
Melee: Hand axe          |    72 |    43 |    12 ||   127
       Headbutt          |    12 |    12 |    44 ||    68
       Unarmed           |       |    32 |       ||    32
       Flail             |       |       |    70 ||    70
       War axe           |       |       |    21 ||    21
       Battleaxe         |       |       |    26 ||    26
       Quarterstaff      |       |       |    20 ||    20
Throw: Dart              |       |     7 |     6 ||    13
Invok: Trog's Hand       |     1 |     1 |     1 ||     3
       Berserk           |       |     1 |       ||     1
  Use: Scroll            |     8 |     2 |     3 ||    13
       Potion            |     2 |       |     4 ||     6
 Stab: Invisible         |     1 |     1 |       ||     2
       Sleeping          |       |       |     1 ||     1
       Confused          |       |       |     1 ||     1
  Eat: Chunk             |     2 |     1 |    10 ||    13
       Ration            |       |     1 |       ||     1
Armor: Animal skin       |     3 |       |       ||     3
       Ring mail         |    10 |       |       ||    10
       Chain mail        |    28 |     7 |       ||    35
       Troll leather arm |       |     3 |    51 ||    54
Dodge: Dodged            |    56 |    36 |   110 ||   202
